 Dungeon Crawl Stone Soup version 0.30-a0-782-ge64f9170bb (webtiles) character file.

Game seed: 16297944964861408139

186313 Kuma the Executioner (level 17, -2/176 HPs)
             Began as a Minotaur Berserker on Feb 19, 2023.
             Was a High Priest of Trog.
             Shot with an arrow by a naga sharpshooter (3 damage)
             ... on level 3 of the Snake Pit.
             The game lasted 00:37:37 (38780 turns).

Kuma the Executioner (Minotaur Berserker)          Turns: 38780, Time: 00:37:38

Health: -2/176     AC: 50    Str: 26    XL:     17   Next: 84%
Magic:  7/7        EV:  5    Int: 17    God:    Trog [*****.]
Gold:   642        SH:  0    Dex: 10    Spells: 16/16 levels left

rFire   + + .      SeeInvis .    a - +2 executioner's axe
rCold   + + .      Faith    .    (shield currently unavailable)
rNeg    + + +      Spirit   .    b - +9 crystal plate armour "Ysank" {Harm Int+6 Stlth-}
rPois   +          Reflect  .    (helmet restricted)
rElec   .          Harm     +    P - +1 cloak of the Planets {+Inv rPois rC+ MP-9}
rCorr   .          Rampage  .    p - +1 pair of gloves
Will    ++...                    V - +0 pair of boots Stlth
                                 T - amulet "Japret" {Acrobat rF++ rN+}
HPRegen 0.49/turn                u - ring "Jidaedus" {Fly AC+4 Int+3 Dex-2}
MPRegen 0.10/turn                c - ring of Xeluegu {rPois rC+ rN++ Will+ Slay+2}

@: lethally poisoned (-2 -> -7), acrobatic, flying, slowed, constricted, very
slow
A: horns 2, retaliatory headbutt, iridescent scales 1, clever 1, shaggy fur 1,
wild magic 1
a: Renounce Religion, Evoke Invisibility, Berserk, Trog's Hand, Brothers in Arms


You were on level 3 of the Snake Pit.
You worshipped Trog.
Trog was extremely pleased with you.
You visited 5 branches of the dungeon, and saw 27 of its levels.
You also visited: Ossuary, Bailey and Ice Cave.

You collected 3003 gold pieces.
You spent 2361 gold pieces at shops.

Inventory:

Hand Weapons
 a - a +2 executioner's axe (weapon)
 U - a +6 eveningstar of holy wrath
 W - a +4 battleaxe of flaming
Armour
 b - the +9 crystal plate armour "Ysank" (worn) {Harm Int+6 Stlth-}
   (You acquired it on level 5 of the Lair of Beasts)

   Int:       It affects your intelligence (+6).
   Harm:      It increases damage dealt and taken.
   Stlth:     It makes you less stealthy.
 p - a +1 pair of gloves (worn)
 M - a +2 plate armour of fire resistance
 P - the +1 cloak of the Planets (worn) {+Inv rPois rC+ MP-9}
   (You bought it in a shop on level 1 of the Orcish Mines)

   rC:        It protects you from cold.
   rPois:     It protects you from poison.
   MP:        It affects your magic capacity (-9).
   +Inv:      It lets you turn invisible.
 V - a +0 pair of boots (worn)
 X - a +0 hat of willpower
Jewellery
 c - the ring of Xeluegu (right hand) {rPois rC+ rN++ Will+ Slay+2}
   (You bought it in a shop on level 2 of the Snake Pit)

   [ring of willpower]

   Slay:      It affects your accuracy & damage with ranged weapons and melee
   (+2).
   rC:        It protects you from cold.
   rPois:     It protects you from poison.
   rN:        It greatly protects you from negative energy.
   Will:      It increases your willpower.
 e - a ring of positive energy
 m - a ring of see invisible
 o - a ring of willpower
 u - the ring "Jidaedus" (left hand) {Fly AC+4 Int+3 Dex-2}
   (You found it in an ossuary)

   [ring of protection]

   AC:        It affects your AC (+4).
   Int:       It affects your intelligence (+3).
   Dex:       It affects your dexterity (-2).
   Fly:       It grants you flight.
 H - a ring of willpower
 K - a ring of flight
 T - the amulet "Japret" (around neck) {Acrobat rF++ rN+}
   (You bought it in a shop on level 2 of the Snake Pit)

   [amulet of the acrobat]

   It increases your evasion while moving and waiting.
   rF:        It greatly protects you from fire.
   rN:        It protects you from negative energy.
Wands
 v - a wand of digging (8)
 y - a wand of polymorph (15)
 C - a wand of acid (10)
 D - a wand of mindburst (32)
 N - a wand of iceblast (29)
 Q - a wand of flame (68)
 R - a wand of charming (18)
Scrolls
 d - 7 scrolls of poison
 f - a scroll of brand weapon
 h - 5 scrolls of immolation
 i - 2 scrolls of blinking
 l - 11 scrolls of teleportation
 n - 6 scrolls of vulnerability
 q - 2 scrolls of fog
 r - 2 scrolls of silence
 w - 5 scrolls of enchant weapon
 F - 4 scrolls of fear
 O - 2 scrolls of enchant armour
 Y - 3 scrolls of butterflies
Potions
 g - 3 potions of heal wounds
 j - 21 potions of curing
 k - 8 potions of brilliance
 s - 7 potions of attraction
 t - 2 potions of mutation
 x - 2 potions of might
 z - 2 potions of resistance
 A - 2 potions of magic {unknown}
 B - 8 potions of cancellation
 G - 2 potions of invisibility {unknown}
 I - 8 potions of haste
 J - 7 potions of ambrosia
 L - 3 potions of flight
 S - 2 potions of lignification {unknown}
 Z - a potion of berserk rage {unknown}


   Skills:
 + Level 21.9 Fighting
 - Level 23.9(24.0) Axes
 + Level 1.1(15.9) Maces & Flails
 + Level 20.0 Armour
 + Level 7.3 Dodging


You had 16 spell levels left.
You didn't know any spells.
Your spell library was empty.

Dungeon Overview and Level Annotations

Branches:
Dungeon (15/15)            Temple (0/1) D:7            Lair (5/5) D:8
  Swamp (0/4) Lair:2        Snake (3/4) Lair:3        Slime (0/5) Lair:4
    Orc (2/2) D:12            Elf (2/3) Orc:2        Vaults (0/5) D:13
 Depths (0/4) D:15        Ossuary (visited)          Bailey (visited)
  IceCv (visited)

Altars:
Ashenzari
Cheibriados
Dithmenos
Elyvilon
Gozag
Qazlal
Sif Muna
Uskayaw
Wu Jian
Jiyva

Shops:
D:2 (   D:3 !   Orc:1 *[   Orc:2 =[*((   Elf:2 !   Snake:2 =:=

Portals:
Trove: D:12 (give 16 scrolls of teleportation)


Innate Abilities, Weirdness & Mutations

You have a pair of horns on your head.
You reflexively headbutt those who attack you in melee.
You are partially covered in iridescent scales. (AC +2)
Your mind is acute. (Int +4, Str/Dex -1)
You are covered in fur. (AC +1)
Your spells are a little harder to cast, but a little more powerful.


Message History

Trog appreciates your killing of a magic user.
You slash the nagaraja!
You feel very sick. The nagaraja hits you with a +0 club.
* * * LOW HITPOINT WARNING * * *
The nagaraja barely misses you.
You slice the nagaraja!! You headbutt the nagaraja.
The nagaraja is heavily wounded.
You feel very sick. The nagaraja spits poison at you.
The splash of poison hits you.
You have difficulty breathing.
* * * LOW HITPOINT WARNING * * *
You feel as though you will be slow longer.
* * * LOW HITPOINT WARNING * * *
The nagaraja hits you but does no damage.
The nagaraja grabs you. The nagaraja constricts you.
A naga sharpshooter comes into view. It is wielding a +0 long sword.
You feel better.
The nagaraja no longer looks unusually toxic.
The nagaraja gestures at you while chanting.
The poison arrow hits you!!
You are poisoned.
You partially resist.
* * * LOW HITPOINT WARNING * * *
The nagaraja constricts you. The nagaraja loses its grip on you.
A naga sharpshooter comes into view. It is wielding a +0 hand axe.
The naga sharpshooter gestures wildly while chanting.
The naga sharpshooter magically shoots an arrow.
The arrow hits you but does no damage.
The naga sharpshooter shouts!
* * * LOW HITPOINT WARNING * * *
You feel very sick.
You hear a shout!
The nagaraja spits poison at you.
The splash of poison hits you but does no damage.
You resist. The nagaraja hits you with a +0 club.
* * * LOW HITPOINT WARNING * * *
The nagaraja grabs you. The nagaraja constricts you.
The naga sharpshooter shoots an arrow.
The arrow hits you.
You die...

## ..# ##############
...# ##.##.....#...###
....####................
........................
........N...........^...
..N..N)@)...............
..N....)))..............
##'##'###)†.............
... #...............
.......'..#######......
........#..# #......
........#..# #......
....... #..+ #...... ...
#..+ #......


You could see a nagaraja (fast) and 3 naga sharpshooters.

Vanquished Creatures
  Rupert (D:15)
  Jorgrun (D:15)
  Gastronok (Lair:3)
  A nagaraja (Snake:2)
  The ghost of PaleRider the Grappler, a journeyman TrFi of Ru (Lair:5)
  Aizul (Snake:2)
  3 orc warlords
  A deep elf demonologist (Elf:2)
  Azrael (Snake:3)
  An entropy weaver (shapeshifter) (Elf:2)
  An ettin (D:13)
  Fannar (Lair:3)
  Erolcha (D:11)
  4 hydras
  A salamander tyrant (Snake:2)
  3 catoblepae
  5 boulder beetles
  4 anacondas
  11 naga warriors
  A deep troll shaman (Lair:5)
  7 centaur warriors
  16 dancing weapons
  6 two-headed ogres
  16 death yaks
  Urug (Lair:2)
  A tengu warrior (D:14)
  6 shock serpents
  4 naga sharpshooters
  9 orc high priests
  Sonja (Lair:4)
  10 deep elf knights
  2 salamander mystics
  A deep troll (D:13)
  3 skeletal warriors (D:12)
  A skyshark (Lair:5)
  3 naga ritualists
  5 deep elf archers
  2 necromancers
  Pikel (D:7)
  3 lindwurms
  9 orc knights
  27 deep elf pyromancers
  7 mana vipers
  5 oklob plants
  A salamander (shapeshifter) (D:13)
  19 deep elf zephyrmancers
  8 ugly things
  6 cyclopes
  5 orc sorcerers
  12 salamanders
  3 manticores
  Joseph (D:7)
  3 guardian serpents
  A torpor snail (Lair:5)
  3 ice statues (IceCv)
  15 naga magi
  24 black mambas
  15 elephants
  5 cane toads
  2 centaur skeletons (D:15)
  9 komodo dragons
  An efreet (D:13)
  Psyche (D:8)
  4 gargoyles
  A yaktaur (D:13)
  A komodo dragon (shapeshifter) (D:15)
  2 unseen horrors
  A freezing wraith (IceCv)
  2 tengu conjurers (D:13)
  An anaconda simulacrum (IceCv)
  A queen bee (Lair:5)
  4 meliai
  A tarantella (Lair:3)
  6 trolls
  12 blink frogs
  2 tyrant leeches (Lair:2)
  2 polar bears
  2 hornets
  Grinder (D:6)
  3 jumping spiders (Lair:3)
  15 slime creatures
  3 water elementals
  Sigmund (D:6)
  2 air elementals (Elf:1)
  A dire elephant simulacrum (IceCv)
  A shadow (D:9)
  39 yaks
  A spriggan (shapeshifter) (Elf:2)
  5 wyverns
  5 wraiths
  A human (D:12)
  A basilisk (Lair:1)
  3 fire elementals
  A golden eye (shapeshifter) (Elf:1)
  5 vampire mosquitoes
  A death yak simulacrum (IceCv)
  Menkaure (D:7)
  6 wargs
  A swamp worm (Lair:2)
  25 nagas
  An acid dragon (D:13)
  10 water moccasins
  Duvessa (D:7)
  2 hell hounds (Snake:3)
  A hornet zombie (Ossuary)
  39 orc warriors
  3 black bears
  2 ice beasts
  13 ogres
  10 centaurs
  20 wolves
  A lemure (D:7)
  7 kobold brigands
  17 bullfrogs
  2 scorpions
  A necrophage (D:6)
  2 gnoll sergeants
  A cane toad simulacrum (IceCv)
  2 elf skeletons (D:4)
  A water moccasin zombie (Ossuary)
  3 earth elementals (Elf:2)
  Dowan (D:7)
  4 wights (D:8)
  25 killer bees
  4 electric eels
  6 howler monkeys
  4 bullfrog zombies (Ossuary)
  4 lava snakes (Lair:3)
  5 centaur zombies
  5 hounds
  A jelly (D:5)
  2 gnoll boudas
  26 orc priests
  A boggart zombie (D:15)
  2 human skeletons (D:4)
  4 iguanas (D:5)
  15 orc wizards
  2 polar bear simulacra (IceCv)
  4 killer bee zombies (Ossuary)
  2 wolf simulacra (IceCv)
  A boggart simulacrum (D:15)
  9 mummies (Ossuary)
  19 gnolls
  9 adders
  6 river rats (D:5)
  A shadow imp (D:6)
  A white imp (D:7)
  3 ufetubi
  7 worms
  2 dart slugs
  74 orcs
  5 bats
  4 endoplasms
  4 giant cockroaches
  9 goblins
  12 hobgoblins
  8 jackals
  18 kobolds
  5 quokkas
  9 ball pythons
  3 frilled lizards
  2 orc zombies (D:4)
  9 rats
  5 bushes
969 creatures vanquished.

Vanquished Creatures (collateral kills)
  3 death yaks (D:8)
  2 skeletal warriors (D:12)
  A deep elf archer (Elf:1)
  A manticore (D:9)
  A shadow imp (D:8)
  2 orcs (D:8)
10 creatures vanquished.

Vanquished Creatures (others)
  2 deep elf knights
  A black mamba (Snake:3)
  An orc priest (Orc:2)
  A bush (Snake:2)
  12 fungi
  76 plants
  11 withered plants (Ossuary)
104 creatures vanquished.

Grand Total: 1083 creatures vanquished

Notes
Turn   | Place    | Note
-------+----------+-------------------------------------------
     0 | D:1      | Kuma the Minotaur Berserker began the quest for the Orb.
     0 | D:1      | Reached XP level 1. HP: 19/19 MP: 0/0
   195 | D:1      | Reached skill level 4 in Axes
   195 | D:1      | Reached XP level 2. HP: 27/27 MP: 1/1
   562 | D:1      | Reached XP level 3. HP: 32/33 MP: 2/2
   749 | D:2      | Reached ** piety under Trog
   963 | D:2      | Found Essanu Kyusm's Weapon Shoppe.
  1161 | D:2      | Reached skill level 5 in Axes
  1198 | D:2      | Reached XP level 4. HP: 38/40 MP: 3/3
  1812 | D:3      | Identified the +8 chain mail "Imugos" {Will+ Int+3}
  1839 | D:3      | Found an ornate altar of the Wu Jian Council.
  1969 | D:3      | Found Leasky's Distillery.
  2296 | D:4      | Identified the +8 spear of Vausinie {freeze, rF+ Dex+4}
  2356 | D:4      | Reached XP level 5. HP: 46/47 MP: 4/4
  2382 | D:4      | Reached skill level 6 in Axes
  2390 | D:4      | Found a sand-covered staircase.
  2403 | Ossuary  | Entered an ossuary
  2418 | Ossuary  | Reached XP level 6. HP: 44/55 MP: 5/5
  2448 | Ossuary  | Reached *** piety under Trog
  2467 | Ossuary  | Reached skill level 5 in Fighting
  2640 | Ossuary  | Reached skill level 7 in Axes
  2725 | Ossuary  | Identified the ring "Jidaedus" {Fly AC+4 Int+3 Dex-2}
  2727 | Ossuary  | Reached XP level 7. HP: 56/61 MP: 6/6
  2891 | Ossuary  | Reached skill level 8 in Axes
  2942 | Ossuary  | Reached skill level 5 in Armour
  3360 | D:4      | Found an opulent altar of Gozag.
  3553 | D:4      | Found a snail-covered altar of Cheibriados.
  3788 | D:5      | Entered Level 5 of the Dungeon
  3865 | D:5      | Reached XP level 8. HP: 69/69 MP: 7/7
  4113 | D:5      | Reached **** piety under Trog
  4114 | D:5      | Reached skill level 9 in Axes
  4875 | D:6      | Reached skill level 10 in Axes
  4937 | D:6      | Noticed Grinder
  4962 | D:6      | Killed Grinder
  4987 | D:6      | Noticed Sigmund
  5006 | D:6      | Reached XP level 9. HP: 59/79 MP: 8/8
  5010 | D:6      | Killed Sigmund
  5168 | D:6      | Reached skill level 11 in Axes
  5736 | D:7      | Noticed Pikel
  5760 | D:7      | Killed Pikel
  5760 | D:7      | Reached ***** piety under Trog
  5761 | D:7      | Reached skill level 5 in Dodging
  5805 | D:7      | Found a staircase to the Ecumenical Temple.
  5848 | D:7      | Reached skill level 12 in Axes
  5912 | D:7      | Noticed Duvessa
  5913 | D:7      | Noticed Dowan
  5926 | D:7      | Killed Duvessa
  5927 | D:7      | Killed Dowan
  6050 | D:7      | Noticed Joseph
  6072 | D:7      | Killed Joseph
  6151 | D:7      | Found a flagged portal.
  6168 | D:7      | Reached XP level 10. HP: 54/88 MP: 9/9
  6276 | Bailey   | Entered a bailey
  6386 | Bailey   | Reached skill level 13 in Axes
  6387 | Bailey   | Found an iron altar of Okawaru.
  6903 | D:7      | Found a shimmering blue altar of Sif Muna.
  6908 | D:7      | Identified the +11 flail of the Disbelieving Eel {freeze,
                  | *Slow Will+ Dex+3}
  6996 | D:7      | Noticed Menkaure
  7001 | D:7      | Killed Menkaure
  7061 | D:7      | Found a hide-covered altar of Uskayaw.
  7332 | D:8      | Noticed Psyche
  7347 | D:8      | Killed Psyche
  7506 | D:8      | Received a gift from Trog
  7652 | D:8      | Found a shadowy altar of Dithmenos.
  7678 | D:8      | Noticed a death yak
  7681 | D:8      | Noticed a death yak
  7681 | D:8      | Noticed a death yak
  7682 | D:8      | Noticed a death yak
  7686 | D:8      | Killed a death yak
  7899 | D:8      | Killed a death yak
  7900 | D:8      | Reached skill level 14 in Axes
  7902 | D:8      | Killed a death yak
  7903 | D:8      | Reached skill level 10 in Armour
  7908 | D:8      | Killed a death yak
  7909 | D:8      | Reached XP level 11. HP: 98/99 MP: 10/10
  8125 | D:8      | Found a staircase to the Lair.
  8441 | D:9      | Noticed a two-headed ogre
  8452 | D:9      | Killed a two-headed ogre
  8453 | D:9      | Reached skill level 15 in Axes
  8674 | D:9      | Found a broken altar of Ashenzari.
  8687 | D:9      | Found a white marble altar of Elyvilon.
  8739 | D:9      | Reached skill level 10 in Fighting
  9014 | D:9      | Noticed a two-headed ogre
  9015 | D:9      | Noticed a centaur warrior
  9021 | D:9      | Killed a two-headed ogre
  9023 | D:9      | Killed a centaur warrior
  9498 | D:10     | Entered Level 10 of the Dungeon
  9622 | D:10     | Reached skill level 16 in Axes
  9892 | D:10     | Found a stormy altar of Qazlal.
 10845 | D:11     | Reached XP level 12. HP: 109/110 MP: 11/11
 10846 | D:11     | Reached skill level 17 in Axes
 11409 | D:11     | Noticed Erolcha
 11416 | D:11     | Killed Erolcha
 11465 | D:11     | Noticed a two-headed ogre
 11469 | D:11     | Noticed a boulder beetle
 11474 | D:11     | Killed a two-headed ogre
 11993 | D:11     | Received a gift from Trog
 12305 | D:11     | Reached skill level 18 in Axes
 12672 | D:12     | Found a portal to a secret trove of treasure.
 13938 | D:12     | Found a staircase to the Orcish Mines.
 14034 | D:12     | Reached skill level 19 in Axes
 14034 | D:12     | Reached XP level 13. HP: 36/119 MP: 12/12
 15323 | Lair:1   | Entered Level 1 of the Lair of Beasts
 15424 | Lair:1   | Received a gift from Trog
 16452 | Lair:1   | Reached skill level 20 in Axes
 17460 | Lair:2   | Found a staircase to the Swamp.
 17762 | Lair:2   | Noticed Urug
 17772 | Lair:2   | Killed Urug
 18060 | Lair:3   | Noticed Gastronok
 18070 | Lair:3   | Killed Gastronok
 18099 | Lair:3   | Noticed Fannar
 18109 | Lair:3   | Reached XP level 14. HP: 122/132 MP: 13/13
 18115 | Lair:3   | Reached skill level 21 in Axes
 18122 | Lair:3   | Killed Fannar
 18122 | Lair:3   | Reached ****** piety under Trog
 18349 | Lair:3   | Received a gift from Trog
 18644 | Lair:3   | Found a staircase to the Snake Pit.
 19142 | Lair:3   | Found a runed translucent door.
 19162 | Lair:3   | Found a runed translucent gate.
 19178 | Lair:3   | Found a runed translucent gate.
 19194 | Lair:3   | Found a runed translucent gate.
 19194 | Lair:3   | Found a runed translucent gate.
 19194 | Lair:3   | Found a runed translucent gate.
 19196 | Lair:3   | Found a runed translucent gate.
 19597 | Lair:3   | Identified the ring of the Death Scarab {rF++ rN+ Int+3
                  | Dex+6}
 20480 | Lair:4   | Noticed Sonja
 20492 | Lair:4   | Killed Sonja
 20877 | Lair:4   | Found a viscous altar of Jiyva.
 20877 | Lair:4   | Found a staircase to the Slime Pits.
 20972 | Lair:5   | Entered Level 5 of the Lair of Beasts
 21075 | Lair:5   | Reached skill level 22 in Axes
 21081 | Lair:5   | Identified a scroll of acquirement
 21082 | Lair:5   | Acquired the +9 crystal plate armour "Ysank" {Harm Int+6
                  | Stlth-}
 21215 | Lair:5   | Found a frozen archway.
 21242 | IceCv    | Entered an ice cave
 21247 | IceCv    | Reached skill level 1 in Maces & Flails
 22295 | IceCv    | Received a gift from Trog
 22446 | IceCv    | Identified the +6 halberd of the Witching Salmon
                  | {antimagic, rPois Will+ SInv}
 22531 | Lair:5   | Reached skill level 15 in Fighting
 22825 | Lair:5   | Found a transporter.
 22827 | Lair:5   | Found a transporter.
 22828 | Lair:5   | Noticed PaleRider's ghost (journeyman TrFi)
 23067 | Lair:5   | Reached XP level 15. HP: 133/141 MP: 14/14
 23078 | Lair:5   | Reached skill level 23 in Axes
 23536 | Lair:5   | Killed PaleRider's ghost
 23767 | Lair:5   | Identified the +5 hand axe of Okawaru's Envy {spect, *Slow
                  | rC+ rN+}
 24133 | Orc:1    | Entered Level 1 of the Orcish Mines
 24133 | Orc:1    | Found Soveph's Assorted Antiques.
 24161 | Orc:1    | Bought a twisted cloak for 294 gold pieces
 24161 | Orc:1    | Identified the +1 cloak of the Planets {+Inv rPois rC+
                  | MP-9} (You bought it in a shop on level 1 of the Orcish
                  | Mines)
 24243 | Orc:1    | Received a gift from Trog
 24426 | Orc:1    | Found Dithryrghi's Armour Shoppe.
 24580 | Orc:2    | Entered Level 2 of the Orcish Mines
 24586 | Orc:2    | Found Xoqabada's Weapon Shoppe.
 24910 | Orc:2    | Found a staircase to the Elven Halls.
 24968 | Orc:2    | HP: 2/143 [orc warrior/+0 glaive (24)]
 25459 | Orc:2    | Received a gift from Trog
 25568 | Orc:2    | HP: 7/144 [orc priest/divine providence (15)]
 26262 | Orc:2    | Found Jeicha's Antique Weapon Emporium.
 26262 | Orc:2    | Found Garchaege's Jewellery Boutique.
 26679 | Orc:2    | Found Fabrid's General Store.
 26679 | Orc:2    | Found Yttol's Armour Boutique.
 26791 | D:13     | Received a gift from Trog
 27327 | D:13     | Reached skill level 15 in Armour
 27530 | D:13     | Found a gate to the Vaults.
 27654 | Orc:1    | Bought a scroll of identify for 62 gold pieces
 27654 | Orc:1    | Bought a scroll of identify for 62 gold pieces
 29131 | D:15     | Entered Level 15 of the Dungeon
 29224 | D:15     | Noticed Jorgrun
 29233 | D:15     | Killed Jorgrun
 29299 | D:15     | Reached XP level 16. HP: 132/156 MP: 6/15
 29354 | D:15     | Found a staircase to the Depths.
 29626 | D:15     | Noticed Rupert
 29633 | D:15     | Killed Rupert
 30348 | Elf:1    | Entered Level 1 of the Elven Halls
 30964 | Elf:1    | HP: 3/159 [deep elf zephyrmancer/bolt of lightning (19)]
 31430 | Elf:1    | Received a gift from Trog
 31690 | Elf:1    | Paralysed by an air elemental for 1 turns
 31696 | Elf:1    | Paralysed by an air elemental for 1 turns
 31903 | Elf:1    | Paralysed by an air elemental for 1 turns
 31908 | Elf:1    | Paralysed by an air elemental for 1 turns
 32403 | Elf:2    | Received a gift from Trog
 32411 | Elf:1    | HP: 8/160 [poisoned by a +2 battleaxe of venom]
 33627 | Elf:2    | Identified the +0 great sword "Ingixt" {flame, Int+4}
 34253 | Elf:2    | Found a runed translucent gate.
 34253 | Elf:2    | Found a runed translucent gate.
 34254 | Elf:2    | Found a runed translucent gate.
 34365 | Elf:2    | Found Ynint's Distillery.
 34371 | Elf:2    | Bought a potion of heal wounds for 80 gold pieces
 34496 | Elf:2    | Reached XP level 17. HP: 126/170 MP: 7/16
 35489 | Snake:1  | Entered Level 1 of the Snake Pit
 35492 | Snake:1  | Received a gift from Trog
 36731 | Snake:1  | Gained mutation: You have sharp fingernails. [potion of
                  | mutation]
 36732 | Snake:1  | Lost mutation: You have sharp fingernails. [potion of
                  | mutation]
 36732 | Snake:1  | Gained mutation: Your mind is acute. (Int +4, Str/Dex -1)
                  | [potion of mutation]
 36732 | Snake:1  | Gained mutation: You are covered in fur. (AC +1) [potion of
                  | mutation]
 36733 | Snake:1  | Lost mutation: You are covered in fur. (AC +1) [potion of
                  | mutation]
 36733 | Snake:1  | Lost mutation: Your mind is acute. (Int +4, Str/Dex -1)
                  | [potion of mutation]
 36733 | Snake:1  | Gained mutation: Your mind is acute. (Int +4, Str/Dex -1)
                  | [potion of mutation]
 36733 | Snake:1  | Gained mutation: You are covered in fur. (AC +1) [potion of
                  | mutation]
 36733 | Snake:1  | Gained mutation: Your spells are a little harder to cast,
                  | but a little more powerful. [potion of mutation]
 36733 | Snake:1  | Gained mutation: You are partially covered in iridescent
                  | scales. (AC +2) [potion of mutation]
 37080 | Snake:2  | Noticed Aizul
 37096 | Snake:2  | Killed Aizul
 37975 | Snake:2  | Found Diskin's Jewellery Emporium.
 37975 | Snake:2  | Found Neppeub's Book Boutique.
 37976 | Snake:2  | Found Ruelecy's Jewellery Emporium.
 37994 | Snake:2  | Bought the amulet "Japret" {Acrobat rF++ rN+} for 1056 gold
                  | pieces
 38008 | Snake:2  | Bought the ring of Xeluegu {rPois rC+ rN++ Will+ Slay+2}
                  | for 807 gold pieces
 38735 | Snake:3  | Noticed Azrael
 38744 | Snake:3  | Killed Azrael
 38780 | Snake:3  | HP: 7/176 [poisoned by a nagaraja (poison arrow)]
 38780 | Snake:3  | HP: 1/176 [nagaraja/+0 club (6)]
 38780 | Snake:3  | Shot with an arrow by a naga sharpshooter

Illustrated notes

Levels and vault maps discovered:
D:1:      lightli_arrival_boilingwater, layout_loops_ring, minivault_26
D:2:      minmay_chambers_of_ones, layout_loops_cross, serial_shops,
          nicolae_square_shop, st_stairs_7
D:3:      layout_rooms, mainiacjoe_overflow_alcove_2, serial_shops, shop,
          chequers_garden, minmay_statues_item
D:4:      layout_loops_ring, kennysheep_slug_shrine,
          nicolae_overflow_hidden_temple, nicolae_ossuary_entry_catacombs,
          kennysheep_doodads
D:5:      layout_cave_pods, lightli_sewer_entry_pipes
D:6:      layout_basic, kennysheep_generic_room_9, uniq_sigmund, uniq_grinder
D:7:      layout_loops_ring, kennysheep_little_box, lemuel_doored_altar,
          minmay_temple_entry_slanted, enter_bailey_5, uniq_menkaure,
          uniq_joseph, uniq_duvessa, uniq_pikel
D:8:      layout_cave_pools, mainiacjoe_overflow_catwalk, dpeg_lair_monsters,
          serial_gnoll_camp, gnoll_camp_mini_doghouse, gnoll_camp_mini_house,
          gnoll_camp_mini_hut, gnoll_camp_mini_loothouse, solitary_fountain,
          uniq_psyche
D:9:      layout_roguey, mainiacjoe_overflow_big_doors, lightli_fourway_metalbox
D:10:     layout_basic, mainiacjoe_overflow_24_doors
D:11:     minmay_four_partial_circles, layout_cave_pools, minmay_door_square,
          uniq_erolcha
D:12:     layout_cave_pods, erik_orc_4, enter_trove_1
D:13:     hangedman_cross_stitches, layout_cross, david_vaults_4,
          serial_column_ruins, column_ruins_hut_water,
          column_ruins_square_small, column_ruins_open_tiny,
          column_ruins_columns_corner, column_ruins_open_tiny,
          column_ruins_open_medium, column_ruins_open_tiny
D:14:     layout_grid_maze, nicolae_concentric_dashed_squares_wild,
          nicolae_figureground_sparkle
D:15:     grunt_enter_depths_magical_seal, layout_basic, dk_noncrumbling_4,
          uniq_rupert, uniq_jorgrun
Lair:1:   minmay_lair_oklob_tunnel, layout_regular_city
Lair:2:   layout_hall_layers, minmay_swamp_entry_worms, serial_bayou_shore_b,
          uniq_urug
Lair:3:   gammafunk_indiana_jones, layout_small_grid,
          guppyfry_snake_entry_garden, enter_volcano_2,
          nicolae_quartered_pool_impasse, nicolae_lair_grazing_beasts
          [nicolae_sub_lair_graze_edge, nicolae_sub_lair_graze_edge,
          nicolae_sub_lair_graze_edge, nicolae_sub_lair_graze_edge],
          uniq_fannar, uniq_gastronok
Lair:4:   layout_gridlike, dpeg_slime_entry_enclosed, uniq_sonja
Lair:5:   grunt_lair_end_beastmaster, layout_long_grid, gammafunk_ghost_hive,
          portal_ice_cave_entry_pillars_2, minmay_lair_oklob_bushes
Snake:1:  layout_concentric_octagons, nicolae_snake_shapes
Snake:2:  layout_misc_corridors, minmay_shop_grove, nicolae_integral_box,
          uniq_aizul
Snake:3:  layout_cave_town, uniq_azrael
Orc:1:    layout_caves, serial_shops, nicolae_diamond_shop,
          nicolae_shop_overgrown_old_shop, basic_altar
Orc:2:    grunt_orc_tribal_feast, layout_diamond_mine, basic_altar,
          serial_shops, shop, minmay_orc_temple_c
Elf:1:    minmay_elf_arrival_summoners, layout_geoelf_diagonals,
          minmay_elf_crystal_hexagon
Elf:2:    nicolae_elf_blades_splatter_lattice
          [nicolae_blade_entry_sentries_behind_glass], layout_geoelf_octagon,
          serial_shops, shop, special_room [special_room_orc]

Skill      XL: |  1  2  3  4  5  6  7  8  9 10 11 12 13 14 15 16 17 |
---------------+----------------------------------------------------+-----
Axes           | 4 5 6 7 8 10 12 14 16 19 20 22 23 | 23.9
Fighting       | 4 5 7 8 9 11 12 14 15 17 20 21 | 21.9
Dodging        | 3 4 5 6 7 |  7.3
Armour         | 3 4 5 6 8 10 11 12 13 14 15 18 20 | 20.0
Maces & Flails | 1 |  1.1

Action                     |  1- 3 |  4- 6 |  7- 9 | 10-12 | 13-15 | 16-18 || total
---------------------------+-------+-------+-------+-------+-------+-------++-------
  Melee: Hand axe          |    81 |   165 |   392 |    24 |       |       ||   662
         Headbutt          |    11 |    29 |    89 |    99 |   268 |   126 ||   622
         Punch             |       |       |    10 |       |       |       ||    10
         War axe           |       |       |       |    94 |       |       ||    94
         Executioner's axe |       |       |       |   346 |   956 |   577 ||  1879
         Flail             |       |       |       |       |     3 |       ||     3
 Invoke: Berserk           |       |     1 |       |     3 |     4 |     5 ||    13
         Brothers in Arms  |       |       |       |     4 |     1 |     1 ||     6
         Trog's Hand       |       |       |       |     2 |     1 |     1 ||     4
    Use: Scroll            |       |     3 |     5 |     4 |    14 |    11 ||    37
         Potion            |       |       |       |     1 |     5 |    10 ||    16
   Stab: Sleeping          |       |     1 |       |       |       |       ||     1
 Armour: Animal skin       |     7 |    13 |       |       |       |       ||    20
         Chain mail        |       |    74 |   211 |   346 |   207 |       ||   838
         Crystal plate arm |       |       |       |       |   381 |   492 ||   873
         Plate armour      |       |       |       |       |    21 |       ||    21
  Dodge: Dodged            |    60 |    64 |   169 |   412 |   497 |   227 ||  1429

Table legend: (Time is in decaauts)
 A = Elapsed time spent in this place.
 B = Non-inter-level travel time spent in this place.
 C = Inter-level travel time spent in this place.
 D = Time resting spent in this place.
 E = Time spent auto-exploring this place.
 F = Levels seen in this place.
 G = Mean time per level.
                   A        B        C        D        E       F      G
               +--------+--------+--------+--------+--------+-----+--------+
         Total |  38506 |  36881 |   1625 |  12104 |  19279 |  30 | 1283.5 |
       Dungeon |  17926 |  16918 |   1008 |   3373 |  11078 |  15 | 1195.1 |
          Lair |   7468 |   7134 |    334 |   2416 |   3515 |   5 | 1493.6 |
     Snake Pit |   3220 |   3126 |     94 |    576 |   2071 |   3 | 1073.3 |
  Orcish Mines |   2657 |   2510 |    147 |   1228 |    937 |   2 | 1328.5 |
   Elven Halls |   4917 |   4877 |     40 |   3041 |   1285 |   2 | 2458.5 |
       Ossuary |    660 |    660 |      0 |    182 |    274 |   1 |  660.0 |
        Bailey |    419 |    419 |      0 |    270 |     35 |   1 |  419.0 |
      Ice Cave |   1236 |   1236 |      0 |   1016 |     84 |   1 | 1236.0 |
               +--------+--------+--------+--------+--------+-----+--------+

Top non-repeatable levels by time:
   Elf:2: 2497 daAuts
    D:11: 2448 daAuts
   Elf:1: 2419 daAuts
   Orc:2: 2185 daAuts
    D:12: 1785 daAuts
  Lair:1: 1755 daAuts
  Lair:3: 1746 daAuts
  Lair:5: 1742 daAuts
    D:10: 1622 daAuts
    D:14: 1450 daAuts
 Snake:2: 1405 daAuts
     D:7: 1362 daAuts
 Snake:1: 1292 daAuts
   IceCv: 1236 daAuts
  Lair:4: 1193 daAuts
